 Dungeon Crawl Stone Soup version 0.24-a0-170-gd8427f5 (webtiles) character file.

Game seed: 2466468910805542480

56 tilp the Gusty (level 3, -2/19 HPs)
             Began as a Tengu Air Elementalist on Mar 8, 2019.
             Slain by a worm (5 damage)
             ... on level 2 of the Dungeon.
             The game lasted 00:06:50 (1761 turns).

tilp the Gusty (Tengu Air Elementalist)             Turns: 1761, Time: 00:06:51

Health: -2/19      AC:  2    Str:  8    XL:     3   Next: 95%
Magic:  5/7        EV: 12    Int: 16    God:
Gold:   23         SH:  0    Dex: 14    Spells: 0/6 levels left

rFire    . . .     SeeInvis .   e - +0 short sword
rCold    . . .     Gourm    .   (no shield)
rNeg     . . .     Faith    .   a - +0 robe
rPois    .         Spirit   .   (helmet restricted)
rElec    .         Reflect  .   (no cloak)
rCorr    .         Harm     .   (no gloves)
MR       .....                  (boots unavailable)
Stlth    ++........             (no amulet)
HPRegen  0.06/turn              (no ring)
MPRegen  0.10/turn              (no ring)

@: lethally poisoned (-2 -> -5)
A: beak, talons 3
a: no special abilities


You were on level 2 of the Dungeon.
You were not hungry.

You visited 1 branch of the dungeon, and saw 2 of its levels.

You collected 23 gold pieces.

Inventory:

Hand Weapons
 e - a +0 short sword (weapon)
Missiles
 g - 11 stones (quivered)
 l - 15 poisoned needles
Armour
 a - a +0 robe (worn)
 f - a +0 cloak
Scrolls
 b - a scroll of identify {unknown}
 d - a scroll of remove curse {unknown}
 h - a scroll of random uselessness {unknown}
Potions
 j - 2 potions of curing {unknown}
 k - a potion of invisibility {unknown}
 m - a potion of brilliance {unknown}
Comestibles
 c - 3 rations
 i - 6 chunks of flesh


   Skills:
 - Level 2.1 Dodging
 - Level 2.0 Stealth
 - Level 2.0 Spellcasting
 + Level 2.2 Conjurations
 - Level 6.0 Air Magic


You couldn't memorise any spells.
You knew the following spells:

 Your Spells              Type           Power        Failure   Level  Hunger
a - Shock                 Conj/Air       ##..         3%          1    #......
b - Swiftness             Chrm/Air       ##......     9%          2    ###....
c - Static Discharge      Conj/Air       ##......     12%         3    ###....

Your spell library contained the following spells:

 Spells                   Type           Power        Failure   Level  Hunger
 Airstrike                Air            ###.......   17%         4    #####..
 Lightning Bolt           Conj/Air       ##........   71%         5    ######.


Dungeon Overview and Level Annotations

Branches:
Dungeon (2/15)

Altars:
Uskayaw
Wu Jian


Innate Abilities, Weirdness & Mutations

You have a beak for a mouth.
You have claws for feet.


Message History

You feel sick. The worm barely misses you.
Casting: Shock (safe; 3% risk of failure)
Confirm with . or Enter, or press ? or * to list all spells.
Aiming: Shock (safe; 3% risk of failure)
Press: ? - help, Shift-Dir - straight line, f - adder
Aim: an adder The zap hits the adder.
The adder is moderately wounded.
The zap hits the worm.
The worm is moderately wounded.
You feel sick. The adder bites you.
* * * LOW HITPOINT WARNING * * *
The adder barely misses you.
Casting: Shock (safe; 3% risk of failure)
Confirm with . or Enter, or press ? or * to list all spells.
Aiming: Shock (safe; 3% risk of failure)
Press: ? - help, Shift-Dir - straight line, f/p - adder
Aim: an adder (moderately wounded)
The zap misses the adder.
The adder closely misses you. The worm bites you.
You die...

#. ...... #. ###... .....
#... ....###.... #...
#..##.... .
#...###..##..########....
..>......................
#..........w...###..##.
#.........@S..?# S..
#........####### .
#........# ##8##
#........# 8...8#
#........##.....#
#.###'####_....._#
#......# ##.....##
#...##.# #8...8#
#...##รท####....$##


You could see a worm and an adder.

Vanquished Creatures
  A gnoll (D:1)
  An adder (D:2)
  An ooze (D:1)
  A worm (D:2)
  2 leopard geckos
  7 hobgoblins (D:1)
  3 kobolds (D:1)
  A ball python (D:1)
  2 bats
  3 frilled lizards (D:1)
  2 goblins (D:1)
  7 rats
31 creatures vanquished.

Notes
Turn   | Place    | Note
-------+----------+-------------------------------------------
     0 | D:1      | tilp the Tengu Air Elementalist began the quest for the
                  | Orb.
     0 | D:1      | Reached XP level 1. HP: 10/10 MP: 4/4
   400 | D:1      | Reached XP level 2. HP: 12/15 MP: 4/6
   497 | D:1      | Learned a level 2 spell: Swiftness
   556 | D:1      | Reached skill level 5 in Air Magic
   908 | D:1      | Reached XP level 3. HP: 9/19 MP: 3/7
  1348 | D:1      | Learned a level 3 spell: Static Discharge
  1581 | D:2      | Reached skill level 6 in Air Magic
  1749 | D:2      | Found a hide-covered altar of Uskayaw.
  1751 | D:2      | Found an ornate altar of the Wu Jian Council.
  1761 | D:2      | Slain by a worm

Levels and vault maps discovered:
D:1:      shiori_arrival_oz, layout_basic, serial_forest,
          infiniplex_forest_end_3, infiniplex_forest_lined_ring,
          infiniplex_forest_straight_1, infiniplex_forest_corner_1,
          infiniplex_forest_straight_2, infiniplex_forest_straight_5,
          minmay_misc_feat_five
D:2:      layout_basic, nicolae_overflow_hidden_temple, nrook_mini_vaults,
          kennysheep_generic_room_9

Skill      XL: |  1  2  3 |
---------------+----------+-----
Air Magic      | 5 6 |  6.0
Conjurations   | 2 |  2.2
Dodging        | |  2.1
Stealth        | |  2.0
Spellcasting   | |  2.0

Action                   || total
-------------------------++-------
Melee: Short sword       ||    39
       Kick              ||    10
       Peck              ||     4
Throw: Stone             ||     1
 Cast: Shock             ||    38
 Stab: Sleeping          ||     4
  Eat: Chunk             ||     3
Armor: Robe              ||     8
Dodge: Dodged            ||    40

Table legend:
 A = Non-vault XP
 B = Vault XP
 C = Vault XP percentage of total XP
 D = Non-vault monster count
 E = Vault monster count
 F = Vault count percentage of total count
                 A         B        C        D         E       F
            +---------+---------+-------+---------+---------+-------
      Total |      78 |       2 |   2.5 |      30 |       1 |   3.2
            +---------+---------+-------+---------+---------+-------
        D:1 |      53 |       2 |   3.6 |      24 |       1 |   4.0
        D:2 |      25 |       0 |   0.0 |       6 |       0 |   0.0
            +---------+---------+-------+---------+---------+-------
